[ AOE2 MATCH · #481821736 ]
1v1 RMTurks vs Poles
Player's team · WIN
Rival team · LOSS
[ REPLAY ANALYSIS · EXTRACTED FROM THE RECORDED GAME ]
Feudal
13:59
Castle
26:19
Imperial
32:24
| APM avg | 14.5 |
| APM peak | 40 |
| eAPM avg | 9.8 |
| Villagers / military | 84 / 112 |
Focus
⚔️ 36.4% · 🌾 63.6%
Hand Cannoneer ×39 · Janissary ×31 · Spearman ×30 · Bombard Cannon ×12
Feudal
12:12
Castle
19:12
Imperial
—
| APM avg | 24.4 |
| APM peak | 52 |
| eAPM avg | 16.5 |
| Villagers / military | 117 / 160 |
Focus
⚔️ 27.2% · 🌾 72.8%
Scout Cavalry ×50 · Obuch ×46 · Knight ×44 · Battering Ram ×13 · Monk ×3 · Mangonel ×2
Match map
Initial resources + every placement click. Lines = walls · curves = elevation contours. ◆ gold · ⬟ stone · ● berries · ✦ relic · ◌ wall gap
Your base· ✓ Closed at 26:19 · 94t walls · 2 gate(s)
Yevardian's base· ✓ Closed at 19:12 · 45t walls · no gate
Smoothed initial terrain · ◌ = detected wall gap · hover for details
Inputs per minute
— FOXY_KING49 - - Yevardian
Build order — FOXY_KING49
First 150 of 284 actions detected
| 0:26 | Create | Villager (Male) |
| 0:27 | Research | Loom |
| 0:27 | Create | Villager (Male) |
| 0:27 | Create | Villager (Male) |
| 0:28 | Create | Villager (Male) |
| 0:44 | Build | House |
| 0:45 | Build | House |
| 0:46 | Build | House |
| 1:22 | Build | Mill |
| 2:13 | Create | Villager (Male) |
| 2:36 | Create | Villager (Male) |
| 3:11 | Create | Villager (Male) |
| 3:45 | Create | Villager (Male) |
| 4:05 | Create | Villager (Male) |
| 4:44 | Create | Villager (Male) |
| 4:44 | Create | Villager (Male) |
| 5:10 | Create | Villager (Male) |
| 5:22 | Create | Villager (Male) |
| 5:22 | Create | Villager (Male) |
| 5:43 | Build | Lumber Camp |
| 5:51 | Create | Villager (Male) |
| 5:51 | Create | Villager (Male) |
| 5:52 | Create | Villager (Male) |
| 6:13 | Create | Villager (Male) |
| 6:14 | Create | Villager (Male) |
| 6:34 | Build | House |
| 6:36 | Build | House |
| 6:42 | Create | Villager (Male) |
| 6:42 | Create | Villager (Male) |
| 7:07 | Create | Villager (Male) |
| 7:18 | Build | Farm |
| 7:28 | Build | Farm |
| 7:34 | Create | Villager (Male) |
| 7:43 | Build | House |
| 7:44 | Build | House |
| 7:50 | Create | Villager (Male) |
| 7:51 | Create | Villager (Male) |
| 8:13 | Create | Villager (Male) |
| 8:20 | Build | House |
| 8:50 | Create | Villager (Male) |
| 9:08 | Build | Farm |
| 9:42 | Build | Farm |
| 9:56 | Build | House |
| 9:57 | Build | House |
| 10:04 | Create | Villager (Male) |
| 10:14 | Create | Villager (Male) |
| 10:46 | Build | Mining Camp |
| 10:51 | Build | House |
| 11:40 | Research | Feudal Age |
| 11:58 | Build | Barracks |
| 12:03 | Create | Villager (Male) |
| 12:03 | Create | Villager (Male) |
| 12:03 | Create | Villager (Male) |
| 12:03 | Create | Villager (Male) |
| 12:04 | Create | Villager (Male) |
| 12:04 | Create | Villager (Male) |
| 12:05 | Create | Villager (Male) |
| 12:05 | Create | Villager (Male) |
| 12:59 | Create | Villager (Male) |
| 12:59 | Create | Villager (Male) |
| 13:36 | Build | House |
| 13:38 | Build | House |
| 13:39 | Build | House |
| 13:59 | Age | Feudal Age |
| 14:10 | Build | Stone Wall |
| 14:18 | Build | Stone Wall |
| 14:29 | Build | Stone Wall |
| 14:31 | Create | Spearman |
| 14:47 | Create | Spearman |
| 14:56 | Build | Stone Wall |
| 15:33 | Build | Stone Wall |
| 15:55 | Create | Spearman |
| 15:56 | Create | Spearman |
| 16:01 | Build | Gate |
| 16:30 | Build | Stone Wall |
| 16:38 | Build | Farm |
| 16:39 | Build | Farm |
| 16:45 | Build | Farm |
| 16:46 | Build | Farm |
| 16:47 | Build | Farm |
| 16:53 | Create | Spearman |
| 16:53 | Create | Spearman |
| 17:09 | Research | Double-Bit Axe |
| 17:11 | Research | Stone Mining |
| 17:25 | Build | Stone Wall |
| 17:30 | Create | Spearman |
| 17:36 | Create | Villager (Male) |
| 17:36 | Create | Villager (Male) |
| 17:36 | Create | Villager (Male) |
| 17:55 | Build | Farm |
| 17:57 | Build | Farm |
| 18:01 | Build | Farm |
| 18:05 | Create | Villager (Male) |
| 18:13 | Build | Stone Wall |
| 18:37 | Create | Villager (Male) |
| 18:37 | Create | Villager (Male) |
| 18:43 | Build | Farm |
| 18:44 | Build | Farm |
| 18:53 | Build | Archery Range |
| 19:09 | Build | Mining Camp |
| 19:13 | Create | Villager (Male) |
| 19:13 | Create | Villager (Male) |
| 19:16 | Research | Gold Mining |
| 19:43 | Create | Villager (Male) |
| 19:46 | Create | Spearman |
| 19:47 | Create | Spearman |
| 20:00 | Build | Gate |
| 20:07 | Create | Villager (Male) |
| 20:17 | Build | Blacksmith |
| 20:27 | Build | Stone Wall |
| 21:01 | Create | Spearman |
| 21:18 | Build | Barracks |
| 21:36 | Build | House |
| 21:37 | Build | House |
| 22:13 | Create | Spearman |
| 22:13 | Create | Spearman |
| 22:20 | Build | House |
| 22:21 | Build | House |
| 22:31 | Create | Villager (Male) |
| 22:44 | Build | Farm |
| 22:49 | Build | Mill |
| 23:17 | Build | Stone Wall |
| 23:22 | Build | Stone Wall |
| 23:27 | Build | Stone Wall |
| 23:35 | Create | Spearman |
| 23:35 | Create | Spearman |
| 23:39 | Research | Castle Age |
| 23:45 | Build | Farm |
| 23:50 | Build | Farm |
| 23:59 | Create | Spearman |
| 24:01 | Create | Spearman |
| 24:01 | Create | Spearman |
| 24:27 | Create | Spearman |
| 24:30 | Create | Spearman |
| 25:01 | Create | Spearman |
| 25:23 | Build | House |
| 25:24 | Build | House |
| 25:29 | Create | Villager (Male) |
| 25:29 | Create | Villager (Male) |
| 25:30 | Create | Villager (Male) |
| 25:30 | Create | Villager (Male) |
| 25:41 | Build | Mining Camp |
| 26:19 | Age | Castle Age |
| 26:25 | Build | Town Center |
| 26:28 | Research | Gold Shaft Mining |
| 26:37 | Build | Castle |
| 27:09 | Research | Bow Saw |
| 27:15 | Create | Villager (Male) |
| 27:16 | Create | Villager (Male) |
| 28:34 | Create | Villager (Male) |
Build order — Yevardian
First 150 of 356 actions detected
| 0:01 | Create | Villager (Male) |
| 0:01 | Create | Villager (Male) |
| 0:01 | Create | Villager (Male) |
| 0:03 | Build | House |
| 0:05 | Build | House |
| 0:41 | Create | Villager (Male) |
| 0:41 | Create | Villager (Male) |
| 0:41 | Create | Villager (Male) |
| 1:38 | Create | Villager (Male) |
| 2:01 | Create | Villager (Male) |
| 2:25 | Create | Villager (Male) |
| 2:25 | Create | Villager (Male) |
| 2:36 | Build | House |
| 2:44 | Create | Villager (Male) |
| 3:20 | Create | Villager (Male) |
| 3:54 | Create | Villager (Male) |
| 4:10 | Build | Lumber Camp |
| 4:37 | Create | Villager (Male) |
| 4:50 | Create | Villager (Male) |
| 5:07 | Create | Villager (Male) |
| 5:07 | Create | Villager (Male) |
| 5:26 | Create | Villager (Male) |
| 5:38 | Build | House |
| 5:42 | Create | Villager (Male) |
| 5:54 | Create | Villager (Male) |
| 6:01 | Create | Villager (Male) |
| 6:29 | Build | Barracks |
| 6:31 | Build | Palisade Wall |
| 7:13 | Build | House |
| 7:29 | Create | Villager (Male) |
| 7:46 | Build | Mill |
| 7:59 | Create | Villager (Male) |
| 8:02 | Research | Loom |
| 8:48 | Build | Palisade Wall |
| 8:49 | Build | Palisade Wall |
| 8:54 | Create | Villager (Male) |
| 9:19 | Build | Mill |
| 9:37 | Create | Villager (Male) |
| 9:47 | Build | Farm |
| 9:52 | Build | Farm |
| 9:55 | Build | Farm |
| 9:58 | Research | Feudal Age |
| 10:07 | Build | Farm |
| 10:18 | Build | Palisade Wall |
| 10:30 | Build | Farm |
| 10:33 | Build | Farm |
| 10:43 | Build | Lumber Camp |
| 11:06 | Build | Palisade Wall |
| 11:09 | Build | Mining Camp |
| 11:21 | Build | House |
| 11:24 | Build | Palisade Wall |
| 12:07 | Build | Farm |
| 12:12 | Age | Feudal Age |
| 12:14 | Create | Villager (Male) |
| 12:30 | Build | Stable |
| 12:36 | Create | Villager (Male) |
| 12:54 | Build | Palisade Wall |
| 13:00 | Research | Wheelbarrow |
| 13:23 | Create | Scout Cavalry |
| 13:29 | Build | Blacksmith |
| 13:40 | Build | Palisade Wall |
| 13:43 | Build | Palisade Wall |
| 13:53 | Create | Scout Cavalry |
| 14:13 | Create | Militia |
| 14:16 | Create | Spearman |
| 14:29 | Create | Scout Cavalry |
| 14:32 | Create | Villager (Male) |
| 15:21 | Create | Villager (Male) |
| 15:36 | Create | Villager (Male) |
| 16:32 | Research | Castle Age |
| 17:27 | Build | Mill |
| 17:30 | Build | Farm |
| 17:31 | Build | Farm |
| 17:33 | Build | Farm |
| 17:35 | Build | Farm |
| 17:37 | Build | Farm |
| 17:38 | Build | Farm |
| 17:41 | Research | Double-Bit Axe |
| 17:47 | Build | Farm |
| 17:56 | Build | Farm |
| 18:00 | Research | Bloodlines |
| 18:18 | Build | Mining Camp |
| 18:31 | Build | Farm |
| 18:40 | Research | Scale Barding Armor |
| 18:53 | Create | Scout Cavalry |
| 19:12 | Age | Castle Age |
| 19:20 | Build | Town Center |
| 19:23 | Create | Villager (Male) |
| 19:24 | Research | Hand Cart |
| 19:26 | Create | Knight |
| 19:56 | Create | Villager (Male) |
| 20:05 | Research | Husbandry |
| 20:18 | Create | Villager (Male) |
| 20:22 | Research | Scale Mail Armor |
| 20:45 | Create | Villager (Male) |
| 20:46 | Create | Villager (Male) |
| 20:58 | Create | Knight |
| 21:17 | Build | Siege Workshop |
| 21:32 | Create | Villager (Male) |
| 21:33 | Create | Villager (Male) |
| 21:41 | Create | Villager (Male) |
| 21:49 | Research | Stone Mining |
| 22:11 | Research | Scale Mail Armor |
| 22:29 | Build | Town Center |
| 22:30 | Create | Villager (Male) |
| 22:31 | Create | Villager (Male) |
| 22:40 | Build | Farm |
| 22:49 | Create | Villager (Male) |
| 22:54 | Research | Forging |
| 23:02 | Create | Villager (Male) |
| 23:03 | Create | Villager (Male) |
| 23:09 | Build | Farm |
| 23:24 | Research | Squires |
| 23:32 | Build | Farm |
| 23:37 | Create | Villager (Male) |
| 23:39 | Create | Villager (Male) |
| 23:52 | Create | Scout Cavalry |
| 23:58 | Research | Bow Saw |
| 24:00 | Create | Villager (Male) |
| 24:15 | Create | Villager (Male) |
| 24:15 | Create | Villager (Male) |
| 24:20 | Build | Monastery |
| 24:28 | Create | Villager (Male) |
| 24:47 | Build | Gate |
| 24:51 | Build | Palisade Wall |
| 24:53 | Build | Palisade Wall |
| 24:56 | Create | Monk |
| 24:56 | Create | Monk |
| 25:03 | Create | Villager (Male) |
| 25:05 | Create | Villager (Male) |
| 25:05 | Create | Villager (Male) |
| 25:32 | Create | Villager (Male) |
| 25:32 | Create | Villager (Male) |
| 25:32 | Create | Villager (Male) |
| 25:32 | Create | Villager (Male) |
| 25:40 | Create | Scout Cavalry |
| 25:51 | Create | Villager (Male) |
| 25:51 | Create | Villager (Male) |
| 25:57 | Build | Farm |
| 26:00 | Build | Farm |
| 26:02 | Build | Farm |
| 26:11 | Build | Castle |
| 26:20 | Build | House |
| 26:23 | Build | House |
| 26:25 | Build | House |
| 26:44 | Build | Palisade Wall |
| 26:54 | Create | Villager (Male) |
| 26:54 | Create | Villager (Male) |
| 26:56 | Create | Villager (Male) |
| 27:21 | Build | Market |
Match timeline
| 6:29 | Yevardian · first_building Barracks |
| 6:31 | Yevardian · wall_segment Palisade Wall x1 |
| 8:48 | Yevardian · wall_segment Palisade Wall x7 |
| 8:49 | Yevardian · wall_segment Palisade Wall x1 |
| 10:18 | Yevardian · wall_segment Palisade Wall x15 |
| 11:06 | Yevardian · wall_segment Palisade Wall x4 |
| 11:24 | Yevardian · wall_segment Palisade Wall x1 |
| 11:58 | FOXY_KING49 · first_building Barracks |
| 12:12 | Yevardian · age_up feudal |
| 12:30 | Yevardian · first_building Stable |
| 12:54 | Yevardian · wall_segment Palisade Wall x4 |
| 13:40 | Yevardian · wall_segment Palisade Wall x8 |
| 13:43 | Yevardian · wall_segment Palisade Wall x4 |
| 13:59 | FOXY_KING49 · age_up feudal |
| 14:10 | FOXY_KING49 · wall_segment Stone Wall x12 |
| 14:18 | FOXY_KING49 · wall_segment Stone Wall x4 |
| 14:29 | FOXY_KING49 · wall_segment Stone Wall x9 |
| 14:56 | FOXY_KING49 · wall_segment Stone Wall x14 |
| 15:33 | FOXY_KING49 · wall_segment Stone Wall x5 |
| 16:30 | FOXY_KING49 · wall_segment Stone Wall x14 |
| 17:25 | FOXY_KING49 · wall_segment Stone Wall x5 |
| 18:13 | FOXY_KING49 · wall_segment Stone Wall x10 |
| 18:53 | FOXY_KING49 · first_building Archery Range |
| 19:12 | Yevardian · age_up castle |
| 20:27 | FOXY_KING49 · wall_segment Stone Wall x10 |
| 21:17 | Yevardian · first_building Siege Workshop |
| 23:17 | FOXY_KING49 · wall_segment Stone Wall x10 |
| 23:22 | FOXY_KING49 · wall_segment Stone Wall x1 |
| 23:27 | FOXY_KING49 · wall_segment Stone Wall x1 |
| 24:20 | Yevardian · first_building Monastery |
| 24:51 | Yevardian · wall_segment Palisade Wall x1 |
| 24:53 | Yevardian · wall_segment Palisade Wall x1 |
| 26:11 | Yevardian · first_building Castle |
| 26:19 | FOXY_KING49 · age_up castle |
| 26:37 | FOXY_KING49 · first_building Castle |
| 26:44 | Yevardian · wall_segment Palisade Wall x4 |
| 30:13 | FOXY_KING49 · first_building Siege Workshop |
| 30:47 | Yevardian · wall_segment Palisade Wall x9 |
| 31:06 | Yevardian · first_market_buy 100 food |
| 32:24 | FOXY_KING49 · age_up imperial |
| 43:25 | FOXY_KING49 · first_market_sell 100 wood |
| 45:03 | Yevardian · resign |
[ AI ANALYSIS · 1 CREDIT ]
What really happened in this match?
Wolo.gg analyzes every decision: build order, eco, micro, common mistakes by bracket. Personalized analysis on WhatsApp or Discord in 30 seconds.
Civ guide
Turks
Map guide
Arabia
Perfil
FOXY_KING49